 Dungeon Crawl Stone Soup version 0.30-a0-355-g4c39ff33d3 (webtiles) character file.

Game seed: 16884304603301584722

149 Harunobu the Trooper (level 5, -3/34 HPs)
             Began as a Gargoyle Monk on Nov 8, 2022.
             Slain by a gnoll
             ... wielding a +3 spear
              (9 damage)
             ... on level 4 of the Dungeon.
             The game lasted 00:06:51 (3115 turns).

Harunobu the Trooper (Gargoyle Monk)                Turns: 3115, Time: 00:06:52

Health: -3/34      AC:  6    Str: 16    XL:     5   Next: 31%
Magic:  5/5        EV: 11    Int: 11    God:
Gold:   141        SH:  6    Dex: 12    Spells: 4/4 levels left

rFire   . . .      SeeInvis .    g - +0 whip
rCold   . . .      Faith    .    e - +0 kite shield
rNeg    + . .      Spirit   .    b - +0 robe
rPois   ∞          Reflect  .    (no helmet)
rElec   +          Harm     .    (no cloak)
rCorr   .          Rampage  .    (no gloves)
Will    .....                    (no boots)
Stlth   ++........               (no amulet)
HPRegen 0.25/turn                (no ring)
MPRegen 0.09/turn                (no ring)

@: no status effects
A: sickness immunity, AC +4, negative energy resistance 1, electricity
resistance, torment resistance 1, petrification resistance
a: no special abilities


You were on level 4 of the Dungeon.
You visited 1 branch of the dungeon, and saw 4 of its levels.

You collected 167 gold pieces.
You spent 26 gold pieces at shops.

Inventory:

Hand Weapons
 a - a +0 mace
 g - a +0 whip (weapon)
Armour
 b - a +0 robe (worn)
 e - a +0 kite shield (worn)
 v - a +0 plate armour
Wands
 k - a wand of charming (8)
Scrolls
 f - a scroll of vulnerability {unknown}
 i - a scroll of identify
 n - a scroll of silence {unknown}
 p - a scroll of poison {unknown}
 s - a scroll of enchant armour {unknown}
 u - a scroll of enchant weapon {unknown}
Potions
 c - a potion of ambrosia
 d - a potion of heal wounds
 h - 3 potions of curing
 j - 3 potions of berserk rage
 l - a potion of magic {unknown}
 m - a potion of resistance {unknown}
 o - a potion of flight {unknown}
 q - 2 potions of lignification
 r - a potion of brilliance {unknown}
 t - a potion of might {unknown}
 w - a potion of mutation {unknown}


   Skills:
 + Level 4.5 Fighting
 - Level 3.0 Maces & Flails
 + Level 3.4 Dodging
 + Level 4.0 Stealth


You had 4 spell levels left.
You didn't know any spells.
Your spell library contained the following spells:

 Spells                   Type           Power      Damage    Failure   Level
 Necrotise                Necr           0%         1d4       78%         1
 Summon Guardian Golem    Hex/Summ       0%         N/A       98%         3
 Vampiric Draining        Necr           0%         2d6       98%         3
 Agony                    Necr           0%         N/A       100%        5
 Orb of Destruction       Conj           0%         9d5       100%        7
 Spellforged Servitor     Conj/Summ      0%         N/A       100%        7


Dungeon Overview and Level Annotations

Branches:
Dungeon (4/15)
 Temple: D:4-7

Altars:
Cheibriados

Shops:
D:1 *

Annotations:
D:4 Pikel


Innate Abilities, Weirdness & Mutations

You are immune to sickness and miasma.
Your stone body is resilient. (AC +4)
You are immune to poison.
You resist negative energy. (rN+)
You are resistant to electric shocks. (rElec)
You are resistant to unholy torment.
You are immune to petrification.


Message History

The gnoll barely misses you.
The gnoll hits you with a +2 halberd of flaming!
The gnoll burns you.
You barely miss the gnoll.
The gnoll is moderately wounded.
The gnoll hits you from afar with a +3 spear.
The gnoll barely misses you.
You closely miss the gnoll.
The gnoll is moderately wounded.
The gnoll hits you from afar with a +3 spear.
The gnoll hits you but does no damage.
You hit the gnoll.
The gnoll is severely wounded.
The gnoll hits you from afar with a +3 spear.
You block the gnoll's attack.
You hit the gnoll.
The gnoll is severely wounded.
The gnoll barely misses you. You block the gnoll's attack.
You hit the gnoll.
You kill the gnoll!
The gnoll hits you from afar with a +3 spear.
The gnoll hits you with a +3 spear.
You hit the gnoll.
The gnoll is lightly wounded.
The gnoll hits you with a +3 spear.
* * * LOW HITPOINT WARNING * * *
You closely miss the gnoll.
The gnoll is lightly wounded.
You block the gnoll's attack.
You hit the gnoll.
The gnoll is moderately wounded.
The gnoll barely misses you. The gnoll closely misses you.
You hit the gnoll but do no damage.
The gnoll is moderately wounded.
The gnoll hits you with a +3 spear.
* * * LOW HITPOINT WARNING * * *
You hit the gnoll.
The gnoll is heavily wounded.
The gnoll hits you with a +3 spear!
You die...

.......
###########
#.........
#.......#+#+####
######..g......#
.........@......#
...###....).....#
#..<...?...#
##.........#
....(...####
##########


You could see a gnoll.

Vanquished Creatures
  4 adders
  2 gnolls
  2 worms
  A dart slug (D:1)
  5 orcs (D:2)
  8 ball pythons
  9 bats
  5 endoplasms
  2 giant cockroaches
  10 goblins
  4 hobgoblins
  4 jackals (D:2)
  6 quokkas
  2 frilled lizards (D:1)
  9 kobolds
  7 rats
80 creatures vanquished.

Notes
Turn   | Place    | Note
-------+----------+-------------------------------------------
     0 | D:1      | Harunobu the Gargoyle Monk began the quest for the Orb.
     0 | D:1      | Reached XP level 1. HP: 14/14 MP: 1/1
   139 | D:1      | Reached XP level 2. HP: 7/19 MP: 2/2
   302 | D:1      | Found Mefus's General Store.
   429 | D:1      | Bought a scroll of identify for 26 gold pieces
   504 | D:1      | Reached XP level 3. HP: 21/24 MP: 3/3
   561 | D:1      | Found a faded altar of an unknown god.
  1002 | D:2      | Reached XP level 4. HP: 29/29 MP: 4/4
  2340 | D:3      | Reached XP level 5. HP: 29/34 MP: 5/5
  2577 | D:3      | Found a snail-covered altar of Cheibriados.
  2807 | D:4      | Noticed a black bear
  2834 | D:4      | Noticed a phantom
  2834 | D:4      | Noticed Pikel
  2834 | D:4      | Noticed a lemure
  2834 | D:4      | Noticed a lemure
  2834 | D:4      | Noticed a lemure
  2834 | D:4      | Noticed a lemure
  2834 | D:4      | Noticed a phantom
  2870 | D:3      | HP: 1/34 [gnoll/+0 flail (9)]
  3115 | D:4      | Slain by a gnoll

Illustrated notes

Levels and vault maps discovered:
D:1:      minmay_arrival_doors, layout_rooms, serial_shops, nicolae_shop_stone,
          hellmonk_ecumenical_altar_lost_god, interstate_on_off
D:2:      minmay_evil_eye, layout_basic, grunt_ministairs_9, bh_walls_and_bars
D:3:      layout_rooms, lemuel_coloured_pillars_altar
D:4:      layout_basic, grunt_decor_resistance, grunt_ministairs_1, uniq_robin,
          uniq_edmund, uniq_pikel

Skill      XL: |  1  2  3  4  5 |
---------------+----------------+-----
Stealth        | 3 4 |  4.0
Fighting       | 4 |  4.5
Dodging        | 3 |  3.4
Maces & Flails | |  3.0

Action                   |  1- 3 |  4- 6 || total
-------------------------+-------+-------++-------
Melee: Mace              |    37 |       ||    37
       Whip              |   112 |   255 ||   367
  Use: Scroll            |       |     3 ||     3
       Potion            |       |     1 ||     1
 Stab: Sleeping          |     1 |     2 ||     3
Armor: Robe              |    52 |    97 ||   149
Dodge: Dodged            |    95 |   122 ||   217
Block: Kite shield       |    44 |    90 ||   134

Table legend: (Time is in decaauts)
 A = Elapsed time spent in this place.
 B = Non-inter-level travel time spent in this place.
 C = Inter-level travel time spent in this place.
 D = Time resting spent in this place.
 E = Time spent auto-exploring this place.
 F = Levels seen in this place.
 G = Mean time per level.
                   A        B        C        D        E       F      G
               +--------+--------+--------+--------+--------+-----+--------+
         Total |   3192 |   3103 |     89 |    937 |   1189 |   4 |  798.0 |
       Dungeon |   3192 |   3103 |     89 |    937 |   1189 |   4 |  798.0 |
               +--------+--------+--------+--------+--------+-----+--------+

Top non-repeatable levels by time:
     D:2: 1325 daAuts
     D:3: 1002 daAuts
     D:1: 837 daAuts
     D:4: 27 daAuts
